AoeStats
← Hello World

Nomad

509049158Analyzed
4v4 RM · 9d ago on Sep 25, 2026· 35m 33s· 8 players
Game mode
Random Map
Map size
231×231
Population
200
Speed
Normal
Resources
Standard
Victory
Conquest
Starting age
Dark Age
Ending age
Imperial Age
RankedLock teamsTeams togetherTeam positionsShared explorationLock speedFull tech treeHidden civsTurbo modeCheats
Victory
Defeat
🇦🇷 Japanese · Argentina
1183
+16
🇺🇿 Italians · Uzbekistan
1168
+17
🇺🇸 Cumans · United States
1127
+19
🇪🇸 Georgians · Spain
1104
+20
🇹🇼 Tupi · Taiwan
1255
-21
🇹🇼 Danes · Taiwan
1247
-20
🇨🇳 Magyars · China
1150
-16
🇹🇼 Japanese · Taiwan
1105
-15
karbid
5:23 Loom
13:00 Feudal Age
17:12 Castle Age
18:10 Wheelbarrow
17:43 Horse Collar
18:17 Double-Bit Axe
19:29 Gold Mining
19:55 Bow Saw
24:03 Ballistics
26:29 Imperial Age
24:25 Fletching
24:36 Town Watch
25:11 Bodkin Arrow
27:23 Bracer
28:24 Chemistry
27:32 Padded Archer Armor
28:32 Murder Holes
29:26 Hand Cart
30:00 Leather Archer Armor
31:14 Town Patrol
31:02 Spies/Treason
34:06 Medium Warships
34:24 Clinker Construction
35:40 Heavy Warships
36:10 Carvel Hull
Roke6
5:28 Loom
14:43 Feudal Age
15:15 Double-Bit Axe
19:19 Castle Age
17:29 Scale Barding Armor
17:19 Gold Mining
18:18 Forging
19:10 Bloodlines
21:05 Husbandry
23:21 Iron Casting
24:20 Town Watch
25:14 Chain Barding Armor
30:14 Bow Saw
29:55 Stone Mining
38:41 Imperial Age
Hello World
LORIAN
3:27 Loom
17:58 Feudal Age
19:06 Double-Bit Axe
24:00 Castle Age
22:27 Fishing Lines
24:46 Stone Mining
29:16 Imperial Age
26:38 Gold Mining
29:19 Gold Shaft Mining
30:08 Spies/Treason
那你就祈禱吧
Maybel
一杯冰美式
6:23 Loom
Ehco
Connection lost

Rejoining the realm…

Still unreachable

The connection could not be restored.

Session expired

The server has moved on; the page needs a fresh start.